 Dungeon Crawl Stone Soup version 0.27-a0-684-g359e429f13 (webtiles) character file.

Game seed: 15701546048266439510

25 Gaff the Vandal (level 3, 0/24 HPs)
             Began as a Halfling Hunter on Mar 20, 2021.
             Succumbed to a goblin's poison
             ... on level 1 of the Dungeon.
             The game lasted 00:01:05 (351 turns).

Gaff the Vandal (Halfling Hunter)                    Turns: 351, Time: 00:01:06

Health: 0/24       AC:  3    Str: 13    XL:     3   Next: 17%
Magic:  3/3        EV: 14    Int:  9    God:
Gold:   57         SH:  0    Dex: 15    Spells: 2/2 levels left

rFire    . . .     SeeInvis .   b - +0 short sword
rCold    . . .     Faith    .   (shield restricted)
rNeg     . . .     Spirit   .   c - +0 leather armour
rPois    .         Reflect  .   (no helmet)
rElec    .         Harm     .   (no cloak)
rCorr    .         Rampage  .   (no gloves)
Will     .....                  (no boots)
Stlth    ++........             (no amulet)
HPRegen  0.08/turn              (no ring)
MPRegen  0.08/turn              (no ring)

@: lethally poisoned (0 -> -9)
A: small, no large weapons, mutation resistance 1
a: no special abilities


You were on level 1 of the Dungeon.
You visited 1 branch of the dungeon, and saw 1 of its levels.

You collected 57 gold pieces.

Inventory:

Hand Weapons
 a - a +1 hunting sling
 b - a +0 short sword (weapon)
Missiles
 d - 20 sling bullets
Armour
 c - a +0 leather armour (worn)


   Skills:
 - Level 1.7 Fighting
 * Level 6.5 Slings
 + Level 2.6 Dodging
 + Level 1.9 Stealth


You had 2 spell levels left.
You didn't know any spells.
Your spell library was empty.

Dungeon Overview and Level Annotations

Branches:
Dungeon (1/15)

Altars:


Innate Abilities, Weirdness & Mutations

You are small and have problems with some larger weapons.
You are somewhat resistant to further mutation.


Message History

You kill the jackal!
The jackal bites you.
* * * LOW HITPOINT WARNING * * *
You have reached level 3!
Your experience leads to an increase in your attributes!
Increase (S)trength, (I)ntelligence, or (D)exterity?
You feel agile.
You hit the jackal.
The jackal is severely wounded.
The jackal barely misses you.
The jackal bites you but does no damage.
You hit the jackal.
The jackal is almost dead.
The jackal bites you but does no damage.
You hit the jackal.
You kill the jackal!
You hit the jackal.
You kill the jackal!
You hit the frilled lizard but do no damage.
The frilled lizard barely misses you.
You hit the frilled lizard.
You kill the frilled lizard!
You hit the goblin.
The goblin is severely wounded.
The goblin hits you with a +1 dagger of venom.
* * * LOW HITPOINT WARNING * * *
You are lethally poisoned!
You closely miss the goblin.
The goblin is severely wounded.
* * * LOW HITPOINT WARNING * * *
You feel sick. The goblin closely misses you.
You hit the goblin.
You kill the goblin!
* * * LOW HITPOINT WARNING * * *
You feel sick.
Items here: ) †††††.
* * * LOW HITPOINT WARNING * * *
You feel sick.
It was a potion of cancellation.
You feel magically purged.
You die...

####.........####.#
#######..)..
...####...####
#..###############
##....##.##
#.#...........#
####....#
#.#...........#
####.##
#.#........)..#
#..#
#.#...........#
##.#
#.#...........# ..#
#)#...........# ..#
#@#...........# ...
#.#...........#
...#
#.#...........#
##..
#.#...........# #.#
#.#....)......#
.............##
.#............#
..#......h.....# #.
......


There were no monsters in sight!

Vanquished Creatures
  2 dart slugs (D:1)
  A leopard gecko (D:1)
  3 bats (D:1)
  A giant cockroach (D:1)
  A goblin (D:1)
  6 jackals (D:1)
  A frilled lizard (D:1)
  2 kobolds (D:1)
  2 rats (D:1)
19 creatures vanquished.

Notes
Turn   | Place    | Note
-------+----------+-------------------------------------------
     0 | D:1      | Gaff the Halfling Hunter began the quest for the Orb.
     0 | D:1      | Reached XP level 1. HP: 14/14 MP: 1/1
    77 | D:1      | Reached skill level 6 in Slings
   142 | D:1      | Reached XP level 2. HP: 19/19 MP: 2/2
   340 | D:1      | Reached XP level 3. HP: 9/24 MP: 3/3
   349 | D:1      | HP: 1/24 [poisoned by a goblin]
   351 | D:1      | Succumbed to a goblin's poison

Illustrated notes

Levels and vault maps discovered:
D:1:      dpeg_arrival_rhombus, layout_basic

Skill      XL: |  1 |
---------------+----+-----
Slings         | 6 |  6.5
Fighting       | |  1.7
Dodging        | |  2.6
Stealth        | |  1.9

Action                   || total
-------------------------++-------
Melee: Short sword       ||    68
 Fire: Hunting sling     ||     1
  Use: Potion            ||     1
 Stab: Sleeping          ||     3
Armor: Leather armour    ||    22
Dodge: Dodged            ||    45

Table legend: (Time is in decaauts)
 A = Elapsed time spent in this place.
 B = Non-inter-level travel time spent in this place.
 C = Inter-level travel time spent in this place.
 D = Time resting spent in this place.
 E = Time spent auto-exploring this place.
 F = Levels seen in this place.
 G = Mean time per level.
                   A        B        C        D        E       F      G
               +--------+--------+--------+--------+--------+-----+--------+
         Total |    357 |    357 |      0 |     55 |    144 |   1 |  357.0 |
       Dungeon |    357 |    357 |      0 |     55 |    144 |   1 |  357.0 |
               +--------+--------+--------+--------+--------+-----+--------+

Top non-repeatable levels by time:
     D:1: 357 daAuts
